 Dungeon Crawl Stone Soup version 0.31-a0-1008-g5b978dac0e (webtiles) character file.

Game seed: 8717926937081275059

27 Azuregosa the Sneak (level 3, 0/26 HPs)
             Began as an Octopode Delver on Nov 12, 2023.
             Succumbed to a scorpion's poison
             ... on level 5 of the Dungeon.
             The game lasted 00:00:34 (39 turns).

Azuregosa the Sneak (Octopode Delver)                 Turns: 39, Time: 00:00:35

Health: 0/26       AC:  1    Str: 11    XL:     3   Next: 10%
Magic:  3/3        EV: 13    Int: 14    God:
Gold:   0          SH:  0    Dex: 13    Spells: 2/2 levels left

rFire   . . .        a - +0 falchion
rCold   . . .        (no shield)
rNeg    . . .        (helmet restricted)
rPois   .            (no amulet)
rElec   .            (no ring)
rCorr   .            (no ring)
SInv    .            (no ring)
Will    .....        (no ring)
Stlth   +++++        (no ring)
HPRegen 0.24/turn    (no ring)
MPRegen 0.08/turn    (no ring)
                     (no ring)

%: no passive effects
@: lethally poisoned (0 -> -1)
A: almost no armour, amphibious, 8 rings, camouflage 1, gelatinous body 1,
(nimble swimmer 1), tentacles
a: no special abilities


You were on level 5 of the Dungeon.
You visited 1 branch of the dungeon, and saw 1 of its levels.

Inventory:

Hand Weapons
 a - a +0 falchion (weapon)
Wands
 f - a wand of digging (3)
Scrolls
 b - a scroll of fog
 c - a scroll of revelation
 d - a scroll of fear
 g - a scroll of enchant weapon {unknown}
Potions
 e - a potion of haste


   Skills:
 - Level 3.0 Fighting
 - Level 2.0 Long Blades
 - Level 2.0 Dodging
 + Level 7.9 Stealth


You had 2 spell levels left.
You didn't know any spells.
Your spell library was empty.

Dungeon Overview and Level Annotations

Branches:
Dungeon (5/15)
 Temple: D:4-7

Altars:


Innate Abilities, Weirdness & Mutations

You cannot wear most types of armour.
You are amphibious.
You can wear up to eight rings at the same time.
Your skin changes colour to match your surroundings (Stealth+).
Your rubbery body absorbs attacks. (AC +1, EV +1)
((You are camouflaged when in or above water. (Stealth+)))
You have tentacles for arms and can constrict up to eight enemies at once.


Message History

You kill the orc wizard!
The scorpion stings you.
You are poisoned.
The scorpion poisons you!
Your Stealth skill increases to level 7!
You have reached level 2!
You have reached level 3!
Your experience leads to an increase in your attributes!
Increase (S)trength, (I)ntelligence, or (D)exterity?
You feel clever. x2
You closely miss the scorpion. Your grab misses the scorpion.
Your squeeze misses the scorpion.
You feel very sick. The scorpion stings you.
An orc wizard comes into view. It is wielding a +0 dagger.
The scorpion barely misses you.
The orc wizard shouts!
You completely miss the scorpion. You grab the scorpion.
You constrict the scorpion, but do no damage.
You feel sick. The scorpion closely misses you. The orc barely misses you.
The orc wizard gestures at you while chanting.
You resist with significant effort.
You hit the scorpion but do no damage. You constrict the scorpion.
You feel sick. The scorpion barely misses you. The orc closely misses you.
The orc wizard hits you with a +0 dagger.
The scorpion completely misses you.
You hit the scorpion.
The scorpion is moderately wounded.
You constrict the scorpion, but do no damage.
You feel sick. The orc hits you with a +0 club.
* * * LOW HITPOINT WARNING * * *
The scorpion stings you.
* * * LOW HITPOINT WARNING * * *
The orc wizard gestures wildly while chanting.
The orc wizard flickers and vanishes!
Deactivating autopickup; reactivate with Ctrl-A.
You hit the scorpion.
The scorpion is heavily wounded.
You constrict the scorpion, but do no damage.
You die...

#.........#
#.........#
#.........#
..###..###
#######..#####
#............#
#............#
#..so........#
#..{@........#
##'####+######
.. #.. #. #


You could see a scorpion and an orc.

Vanquished Creatures
  An orc wizard (D:5)
  An orc (D:5)
2 creatures vanquished.

Notes
Turn   | Place    | Note
-------+----------+-------------------------------------------
     0 | D:5      | Azuregosa the Octopode Delver began the quest for the Orb.
     0 | D:5      | Reached XP level 1. HP: 16/16 MP: 1/1
    29 | D:5      | Noticed an orc wizard
    30 | D:5      | Noticed a scorpion
    34 | D:5      | Killed an orc wizard
    35 | D:5      | Reached skill level 7 in Stealth
    35 | D:5      | Reached XP level 2. HP: 15/21 MP: 2/2
    35 | D:5      | Reached XP level 3. HP: 19/26 MP: 3/3
    38 | D:5      | HP: 1/26 [scorpion (3)]
    39 | D:5      | Succumbed to a scorpion's poison

Illustrated notes

Levels and vault maps discovered:
D:5:      layout_gridville, kennysheep_windowed_goal, uniq_edmund

Skill      XL: |  1 |
---------------+----+-----
Stealth        | 7 |  7.9
Fighting       | |  3.0
Long Blades    | |  2.0
Dodging        | |  2.0

Action                     || total
---------------------------++-------
  Melee: Falchion          ||     9
         Tentacles         ||     3
         Constrict         ||     3
 Armour: Skin              ||     6
  Dodge: Dodged            ||     8

Table legend: (Time is in decaauts)
 A = Elapsed time spent in this place.
 B = Non-inter-level travel time spent in this place.
 C = Inter-level travel time spent in this place.
 D = Time resting spent in this place.
 E = Time spent auto-exploring this place.
 F = Levels seen in this place.
 G = Mean time per level.
                   A        B        C        D        E       F      G
               +--------+--------+--------+--------+--------+-----+--------+
         Total |     40 |     40 |      0 |      0 |      0 |   1 |   40.0 |
       Dungeon |     40 |     40 |      0 |      0 |      0 |   1 |   40.0 |
               +--------+--------+--------+--------+--------+-----+--------+

Top non-repeatable levels by time:
     D:5: 40 daAuts
